AoeStats
← blaswichj

Arabian Desert

509908239Analyzed
1v1 RM · 4d ago on Sep 28, 2026· 32m 25s· 2 players
Game mode
Random Map
Map size
Tiny (2 player)
Population
200
Speed
Normal
Resources
Standard
Victory
Conquest
Starting age
Dark Age
Ending age
Imperial Age
RankedLock teamsTeams togetherTeam positionsShared explorationLock speedFull tech treeHidden civsTurbo modeCheats
Victory
Defeat
🇩🇪 Saracens · Germany
813
+16
🇻🇪 Gurjaras · Venezuela
818
-42
Oddjob
11:46 Feudal Age
12:53 Double-Bit Axe
19:55 Castle Age
18:05 Horse Collar
18:44 Fletching
19:30 Padded Archer Armor
20:08 Crossbowman
22:08 Wheelbarrow
23:37 Fervor
25:53 Gold Mining
27:14 Thumb Ring
28:16 Gold Shaft Mining
28:34 Bodkin Arrow
30:00 Ballistics
29:36 Murder Holes
30:29 Guard Tower
31:11 Bloodlines
31:03 Husbandry
32:45 Leather Archer Armor
blaswichj
6:07 Loom
12:35 Feudal Age
13:13 Double-Bit Axe
17:10 Fletching
17:22 Padded Archer Armor
20:14 Wheelbarrow
20:21 Wheelbarrow
21:40 Town Watch
26:25 Castle Age
27:16 Bodkin Arrow
27:36 Leather Archer Armor
26:45 Crossbowman
26:48 Elite Skirmisher
27:47 Thumb Ring
30:09 Hand Cart
Connection lost

Rejoining the realm…

Still unreachable

The connection could not be restored.

Session expired

The server has moved on; the page needs a fresh start.